 Dungeon Sprint DCSS version 0.22-a0-398-g8bb545f (webtiles) character file.

92198 Kidiri the Imperceptible (level 14, -1/71 HPs)
             Began as a Spriggan Enchanter on May 4, 2018.
             Was the Champion of Dithmenos.
             Slain by a skeletal warrior
             ... wielding a +0 trident
              (22 damage)
             ... in the Dungeon (Sprint III: "The Ten Rune Challenge").
             The game lasted 00:44:39 (7709 turns).

Kidiri the Imperceptible (Spriggan Enchanter)       Turns: 7709, Time: 00:44:40

Health: -1/71      AC:  4    Str:  4    XL:     14   Next: 70%
Magic:  20/39      EV: 50    Int: 20    God:    Dithmenos [******]
Gold:   673        SH:  0    Dex: 28    Spells: 18/53 levels left

rFire    + . .     SeeInvis +   t - +6 quick blade
rCold    + . .     Gourm    .   (shield restricted)
rNeg     . . .     Faith    .   k - +1 robe {rC+}
rPois    +         Spirit   .   r - +1 hat
rElec    .         Reflect  .   (no cloak)
rCorr    .         Harm     .   (gloves unavailable)
MR       ++...     NoTele   +   (boots unavailable)
Stlth    ++++++++++             G - amulet of Vulur Vemy {+Blink rPois Regen+ Dex+8 Stlth-}
HPRegen  0.61/turn              y - ring of Phasing {EV+8}
MPRegen  0.26/turn              z - ring of protection from fire

@: wreathed by umbra, studying Throwing, very quick
A: very small, unfitting armour, see invisible, clever 1, herbivore, speed 3,
frail 1, slow metabolism 2, wild magic 1, MP-powered wands
}: 2/10 runes: serpentine, barnacled
a: Shadow Step, Shadow Form, Renounce Religion, Evoke Blink


You were in the Dungeon.
You worshipped Dithmenos.
Dithmenos was exalted by your worship.
You were not hungry.

You visited 1 branch You collected 1283 gold pieces.
You spent 610 gold pieces at shops.

Inventory:

Hand Weapons
 t - a +6 quick blade (weapon)
Armour
 k - a +1 robe of cold resistance (worn)
 r - a +1 hat (worn)
Jewellery
 y - the ring of Phasing (left hand) {EV+8}
   (You took it off a deep elf demonologist in the Dungeon)

   [ring of evasion]

   It affects your evasion (+8).
 z - a ring of protection from fire (right hand)
 G - the amulet of Vulur Vemy (around neck) {+Blink rPois Regen+ Dex+8 Stlth-}
   (You found it in the Dungeon)

   [amulet of regeneration]

   It affects your dexterity (+8).
   It protects you from poison.
   It lets you blink.
   It increases your rate of regeneration.
   It makes you less stealthy.
Wands
 n - a wand of acid (9)
 K - a wand of clouds (10)
Scrolls
 c - 3 scrolls of remove curse
 e - 2 scrolls of torment
 f - 2 scrolls of silence
 m - 2 scrolls of fear {unknown}
 A - 3 scrolls of amnesia {unknown}
Potions
 a - a potion of magic
 b - a potion of heal wounds
 g - a potion of haste
 i - a potion of berserk rage
 j - a potion of might
 l - 4 potions of flight
 p - 2 potions of lignification
 q - 8 potions of curing
 s - a potion of mutation
Books
 E - a manual of Throwing
Comestibles
 d - 12 rations


   Skills:
 + Level 11.0 Fighting
 * Level 18.6 Short Blades
 + Level 10.2 Armour
 * Level 23.1 Dodging
 * Level 24.8 Stealth
 * Level 20.2 Spellcasting
 + Level 4.1 Conjurations
 + Level 15.3 Hexes
 + Level 3.5 Summonings
 + Level 4.4 Ice Magic


You had 18 spell levels left.
You knew the following spells:

 Your Spells              Type           Power        Failure   Level  Hunger
a - Corona                Hex            #######      1%          1    None
b - Ensorcelled Hibernat  Hex/Ice        ######       1%          2    None
c - Slow                  Hex            #######.     1%          2    None
d - Confuse               Hex            #######.     1%          3    None
e - Tukima's Dance        Hex            #######.     1%          3    None
f - Dazzling Spray        Conj/Hex       ######       1%          3    None
g - Mephitic Cloud        Conj/Pois/Air  ####....     7%          3    None
h - Apportation           Tloc           ####..       4%          1    None
i - Blink                 Tloc           N/A          6%          2    None
j - Summon Small Mammal   Summ           ####         1%          1    None
k - Call Imp              Summ           #####...     1%          2    None
l - Magic Dart            Conj           ####         1%          1    None
m - Ozocubu's Armour      Chrm/Ice       #####...     5%          3    None
n - Throw Icicle          Conj/Ice       #####...     7%          4    None
o - Summon Ice Beast      Ice/Summ       #####...     8%          4    None


Dungeon Overview and Level Annotations

Branches:
Dungeon (1/1)

Altars:
Cheibriados
Dithmenos
Elyvilon
Fedhas
Gozag
Hepliaklqana
Kikubaaqudgha
Makhleb
Nemelex Xobeh
Okawaru
Qazlal
Ru
Sif Muna
Trog
Uskayaw
Vehumet
Wu Jian
Xom
Yredelemnul
Zin
The Shining One
Beogh
Jiyva
Lugonu

Shops:
D (?:(!%:}:?!=(!(((%[

Annotations:
D exclusions: 3 doors and 4 statues


Innate Abilities, Weirdness & Mutations

You are very small and have problems with some larger weapons.
You are too small for most types of armour.
You have supernaturally acute eyesight. (SInv)
You are a herbivore.
You cover ground extremely quickly.
You need to consume almost no food.
Your mind is acute. (Int +2)
You are frail. (-10% HP)
Your spells are a little harder to cast, but a little more powerful.
You expend magic power (3 MP) to strengthen your wands.


Message History

The skeletal warrior misses you. x2
Unknown command.
Casting: Dazzling Spray (safe; 1% risk of failure)
Confirm with . or Enter, or press ? or * to list all spells.
You don't have enough magic to cast that spell.
Unknown command.
Unknown command.
You hit the skeletal warrior but do no damage.
The skeletal warrior is severely damaged.
Your shadow hits the skeletal warrior with a quick blade.
The skeletal warrior completely misses you.
You hit the skeletal warrior.
The skeletal warrior is severely damaged.
Your shadow hits the skeletal warrior but does no damage.
Magic courses through your body.
The skeletal warrior hits you with a long sword!!
* * * LOW HITPOINT WARNING * * *
You emit a cloud of dark smoke.
The skeletal warrior hits you from afar with a trident!!
You die...

∩∩∩∩.#§§§..#.#..#.....^#
.....#.#)#.+.#..#......#
#++###..#..#.#).#...^^.#
♣..♣.#)....###########'#
.....#################.#
.....# #L#........#..#
.....# ###..§...).'.^#
.....# ......§z§z.'..#
###### ......§@§..#..#
############..# ...#
▓▓▓▓▓


You could see an ancient lich and 2 skeletal warriors.

Vanquished Creatures
  Sojobo (D)
  Rupert (D)
  A lich (D)
  A deep elf blademaster (D)
  A kraken (D)
  Gastronok (D)
  Chuck (D)
  2 shadow dragons (D)
  Dowan (D)
  A nagaraja (D)
  2 deep elf demonologists (D)
  2 deep elf annihilators (D)
  2 dire elephants (D)
  Josephine (D)
  A fire dragon (D)
  A yaktaur captain (D)
  2 deep elf high priests (D)
  3 anacondas (D)
  A naga warrior (D)
  2 centaur warriors (D)
  4 dancing weapons (D)
  4 death yaks (D)
  2 alligator snapping turtles (D)
  An ogre mage (D)
  2 orc high priests (D)
  Urug (D)
  2 skeletal warriors (D)
  2 unseen horrors (D)
  A death drake (D)
  A spriggan druid (D)
  An obsidian statue (D)
  An orange crystal statue (D)
  A lindwurm (D)
  A wolf spider (shapeshifter) (D)
  2 orc knights (D)
  4 ugly things (D)
  4 crystal guardians (D)
  6 deep elf magi (D)
  2 elephants (D)
  6 black mambas (D)
  A guardian serpent (D)
  2 spiny frogs (D)
  A torpor snail (shapeshifter) (D)
  Duvessa (D)
  A rime drake (D)
  A komodo dragon (D)
  3 wandering mushrooms (D)
  A queen bee (D)
  4 spriggan defenders (D)
  2 tyrant leeches (D)
  8 slime creatures (D)
  8 blink frogs (D)
  A wind drake (shapeshifter) (D)
  4 snapping turtles (D)
  A shadow (D)
  3 redbacks (D)
  2 spriggans (D)
  2 nagas (D)
  A spatial vortex (D)
  3 water moccasins (D)
  4 orc warriors (D)
  A swamp drake (D)
  A necrophage (D)
  2 centaurs (D)
  An earth elemental (D)
  A water elemental (D)
  A scorpion (D)
  32 killer bees (D)
  An electric eel (D)
  A jelly (D)
  A wizard (D)
  A necromancer (D)
  An orc wizard (D)
  3 humans (D)
  A kobold demonologist (D)
  2 adders (D)
  An ooze (D)
  10 orcs (D)
  3 rats (D)
  A ballistomycete spore (D)
  7 bushes (D)
  2 fungi (D)
  7 plants (D)
211 creatures vanquished.

Vanquished Creatures (others)
  2 draconian scorchers (D)
  2 hydras (D)
  6 hellions (D)
  2 yaktaurs (D)
  3 orc high priests (D)
  A bush (D)
  13 plants (D)
29 creatures vanquished.

Grand Total: 240 creatures vanquished

Notes
Turn   | Place    | Note
-------+----------+-------------------------------------------
     0 | D        | Kidiri the Spriggan Enchanter began the quest for the Orb.
     0 | D        | Reached XP level 1. HP: 9/9 MP: 5/5
    13 | D        | Reached skill level 5 in Stealth
    87 | D        | Killed a hellion
   125 | D        | Killed a hellion
   136 | D        | Noticed a scorpion
   154 | D        | Killed a scorpion
   154 | D        | Reached skill level 1 in Fighting
   154 | D        | Reached skill level 1 in Armour
   154 | D        | Reached skill level 5 in Dodging
   154 | D        | Reached skill level 6 in Stealth
   154 | D        | Reached XP level 2. HP: 14/14 MP: 2/8
   154 | D        | Reached XP level 3. HP: 18/18 MP: 2/10
   154 | D        | Killed a hellion
   159 | D        | Learned a level 3 spell: Confuse
   162 | D        | Killed a hellion
   163 | D        | Learned a level 3 spell: Tukima's Dance
   163 | D        | Killed a hellion
   164 | D        | Killed a hellion
   166 | D        | Learned a level 2 spell: Ensorcelled Hibernation
   177 | D        | Killed a yaktaur
   198 | D        | Killed a white draconian scorcher
   222 | D        | Killed a white draconian scorcher
   224 | D        | Reached skill level 5 in Spellcasting
   224 | D        | Reached XP level 4. HP: 23/23 MP: 9/12
   242 | D        | Gained mutation: Your flesh is heat resistant. (rF+) [potion of mutation]
   242 | D        | Gained mutation: Your spells are a little harder to cast, but a little more powerful. [potion of mutation]
   243 | D        | Lost mutation: Your flesh is heat resistant. (rF+) [potion of mutation]
   243 | D        | Lost mutation: Your spells are a little harder to cast, but a little more powerful. [potion of mutation]
   243 | D        | Gained mutation: You are covered in fur. (AC +1) [potion of mutation]
   243 | D        | Gained mutation: Your flesh is cold resistant. (rC+) [potion of mutation]
   243 | D        | Gained mutation: You are partially covered in slimy green scales. (AC +2) [potion of mutation]
   243 | D        | Gained mutation: You have sharp fingernails. [potion of mutation]
   244 | D        | Lost mutation: You are partially covered in slimy green scales. (AC +2) [potion of mutation]
   244 | D        | Lost mutation: Your flesh is cold resistant. (rC+) [potion of mutation]
   244 | D        | Lost mutation: You have sharp fingernails. [potion of mutation]
   244 | D        | Gained mutation: You are covered in thick fur. (AC +2) [potion of mutation]
   245 | D        | Lost mutation: You are covered in thick fur. (AC +2) [potion of mutation]
   245 | D        | Gained mutation: Your body sometimes deteriorates upon taking damage. [potion of mutation]
   245 | D        | Gained mutation: You are resistant to hostile enchantments. (MR+) [potion of mutation]
   245 | D        | Gained mutation: You are surrounded by a mild repulsion field. (EV +2) [potion of mutation]
   245 | D        | Gained mutation: You are partially covered in iridescent scales. (AC +2) [potion of mutation]
   246 | D        | Lost mutation: You are resistant to hostile enchantments. (MR+) [potion of mutation]
   246 | D        | Lost mutation: You are partially covered in iridescent scales. (AC +2) [potion of mutation]
   246 | D        | Lost mutation: You are surrounded by a mild repulsion field. (EV +2) [potion of mutation]
   246 | D        | Lost mutation: You are covered in fur. (AC +1) [potion of mutation]
   246 | D        | Gained mutation: You are clumsy. (Dex -2) [potion of mutation]
   246 | D        | Gained mutation: You expend magic power (3 MP) to strengthen your wands. [potion of mutation]
   246 | D        | Gained mutation: Your spells are a little harder to cast, but a little more powerful. [potion of mutation]
   251 | D        | Learned a level 3 spell: Dazzling Spray
   257 | D        | Noticed a water elemental
   260 | D        | Killed a water elemental
   260 | D        | Reached skill level 7 in Stealth
   260 | D        | Reached skill level 5 in Hexes
   260 | D        | Reached XP level 5. HP: 26/26 MP: 14/14
   272 | D        | Found a basalt altar of Yredelemnul.
   272 | D        | Found a shadowy altar of Dithmenos.
   272 | D        | Found a sacrificial altar of Ru.
   272 | D        | Noticed a necrophage
   274 | D        | Reached skill level 8 in Stealth
   284 | D        | Killed a necrophage
   284 | D        | Reached skill level 5 in Short Blades
   284 | D        | Reached skill level 9 in Stealth
   289 | D        | Became a worshipper of Dithmenos the Shadowed
   329 | D        | Found a radiant altar of Vehumet.
   330 | D        | Found a deep blue altar of Sif Muna.
   330 | D        | Found an ancient bone altar of Kikubaaqudgha.
   331 | D        | Reached XP level 6. HP: 32/32 MP: 17/17
   353 | D        | Learned a level 2 spell: Slow
   357 | D        | Learned a level 3 spell: Mephitic Cloud
   359 | D        | Learned a level 1 spell: Apportation
   360 | D        | Found a glowing silver altar of Zin.
   361 | D        | Found a glowing golden altar of the Shining One.
   361 | D        | Found a white marble altar of Elyvilon.
   361 | D        | Noticed a deep elf mage
   363 | D        | Killed a deep elf mage
   363 | D        | Reached * piety under Dithmenos
   363 | D        | Reached skill level 10 in Dodging
   363 | D        | Reached skill level 11 in Stealth
   363 | D        | Reached XP level 7. HP: 37/37 MP: 18/20
   378 | D        | Found a hide-covered altar of Uskayaw.
   378 | D        | Found a roughly hewn altar of Beogh.
   378 | D        | Found an iron altar of Okawaru.
   378 | D        | Found a bloodstained altar of Trog.
   378 | D        | Found an ornate altar of the Wu Jian Council.
   378 | D        | Noticed a human
   378 | D        | Noticed a human
   392 | D        | Killed a human
   536 | D        | Killed a human
   577 | D        | Noticed a shadow
   579 | D        | Killed a shadow
   579 | D        | Reached ** piety under Dithmenos
   579 | D        | Reached skill level 12 in Stealth
   579 | D        | Reached XP level 8. HP: 42/42 MP: 20/22
   616 | D        | Found a blossoming altar of Fedhas.
   616 | D        | Found a stormy altar of Qazlal.
   617 | D        | Found a snail-covered altar of Cheibriados.
   617 | D        | Found a burning altar of Makhleb.
   617 | D        | Found a hazy altar of Hepliaklqana.
   617 | D        | Found a shimmering altar of Xom.
   617 | D        | Found an opulent altar of Gozag.
   617 | D        | Found a sparkling altar of Nemelex Xobeh.
   617 | D        | Found a corrupted altar of Lugonu.
   617 | D        | Found a viscous altar of Jiyva.
   634 | D        | Noticed Josephine
   641 | D        | Killed Josephine
   641 | D        | Reached skill level 13 in Stealth
   641 | D        | Reached skill level 10 in Spellcasting
   641 | D        | Reached XP level 9. HP: 36/46 MP: 8/24
   736 | D        | Reached skill level 5 in Fighting
   741 | D        | Noticed a centaur warrior
   743 | D        | Killed a centaur warrior
   743 | D        | Reached skill level 10 in Short Blades
   743 | D        | Reached skill level 14 in Stealth
   744 | D        | Reached *** piety under Dithmenos
   744 | D        | Reached skill level 5 in Armour
   777 | D        | Noticed an unseen horror
   777 | D        | Noticed an unseen horror
   778 | D        | Killed an unseen horror
   780 | D        | Killed an unseen horror
   780 | D        | Reached skill level 15 in Stealth
   780 | D        | Reached XP level 10. HP: 53/53 MP: 25/27
   793 | D        | Learned a level 2 spell: Blink
   797 | D        | Reached **** piety under Dithmenos
   812 | D        | Reached ***** piety under Dithmenos
   980 | D        | Reached ****** piety under Dithmenos
   996 | D        | Reached skill level 16 in Stealth
  1231 | D        | Learned a level 1 spell: Summon Small Mammal
  1234 | D        | Learned a level 2 spell: Call Imp
  1277 | D        | Reached skill level 10 in Hexes
  1285 | D        | Killed an eight-headed hydra
  1328 | D        | Reached skill level 15 in Dodging
  1361 | D        | Noticed a spiny frog
  1361 | D        | Noticed a spiny frog
  1363 | D        | Killed a spiny frog
  1373 | D        | Killed a spiny frog
  1418 | D        | Reached skill level 17 in Stealth
  1482 | D        | Noticed a lindwurm
  1484 | D        | Killed a lindwurm
  1484 | D        | Reached XP level 11. HP: 58/58 MP: 24/29
  1511 | D        | Noticed Urug
  1513 | D        | Killed Urug
  1635 | D        | Noticed Rupert
  1637 | D        | Killed Rupert
  1637 | D        | Reached skill level 18 in Stealth
  1663 | D        | Noticed a death yak
  1664 | D        | Noticed a death yak
  1665 | D        | Noticed an azure jelly
  1665 | D        | Noticed a death yak
  1665 | D        | Noticed an azure jelly
  1665 | D        | Noticed an azure jelly
  1665 | D        | Noticed a death yak
  1666 | D        | Killed a death yak
  1753 | D        | Killed a four-headed hydra
  1778 | D        | Killed a death yak
  1778 | D        | Reached skill level 15 in Spellcasting
  1876 | D        | Killed a death yak
  1885 | D        | Killed a death yak
  1885 | D        | Reached skill level 19 in Stealth
  1903 | D        | Reached XP level 12. HP: 64/64 MP: 0/32
  2047 | D        | Noticed an anaconda
  2048 | D        | Noticed an anaconda
  2053 | D        | Killed an anaconda
  2054 | D        | Killed an anaconda
  2072 | D        | Noticed an anaconda
  2075 | D        | Killed an anaconda
  2127 | D        | Reached skill level 20 in Stealth
  2201 | D        | Noticed a naga warrior
  2201 | D        | Noticed a nagaraja
  2201 | D        | Found Kumar's Antique Weapon Boutique.
  2201 | D        | Found Cazeyvar's Magic Scroll Emporium.
  2201 | D        | Found Wack's Book Shop.
  2204 | D        | Killed a naga warrior
  2205 | D        | Killed a nagaraja
  2236 | D        | Reached skill level 15 in Short Blades
  2239 | D        | Got a serpentine rune of Zot
  2318 | D        | Noticed an azure jelly
  2319 | D        | Noticed a dire elephant
  2319 | D        | Noticed a dire elephant
  2319 | D        | Noticed Gastronok
  2321 | D        | Killed Gastronok
  2322 | D        | Killed a dire elephant
  2324 | D        | Killed a dire elephant
  2327 | D        | Reached skill level 21 in Stealth
  2343 | D        | Lost mutation: You expend magic power (3 MP) to strengthen your wands. [potion of mutation]
  2343 | D        | Lost mutation: You are clumsy. (Dex -2) [potion of mutation]
  2343 | D        | Gained mutation: Your mind is acute. (Int +2) [potion of mutation]
  2343 | D        | Gained mutation: You are frail. (-10% HP) [potion of mutation]
  2343 | D        | Lost mutation: Your body sometimes deteriorates upon taking damage. [potion of mutation]
  2343 | D        | Gained mutation: You expend magic power (3 MP) to strengthen your wands. [potion of mutation]
  2431 | D        | Found a blossoming altar of Fedhas.
  2435 | D        | Reached XP level 13. HP: 63/63 MP: 19/35
  2557 | D        | Noticed a kraken
  2564 | D        | Killed a kraken
  2916 | D        | Found Feduuhah's Antique Weapon Emporium.
  2916 | D        | Found Pepoulae's Food Shop.
  2916 | D        | Found Pyarazaw's Book Boutique.
  3102 | D        | Got a barnacled rune of Zot
  3212 | D        | Found Zym Qatofocs's Distillery.
  3212 | D        | Found a roughly hewn altar of Beogh.
  3333 | D        | Bought a potion of magic for 80 gold pieces
  3333 | D        | Bought a potion of curing for 30 gold pieces
  3333 | D        | Bought a potion of curing for 30 gold pieces
  3352 | D        | Reached skill level 22 in Stealth
  3357 | D        | Noticed a deep elf demonologist
  3550 | D        | Noticed a deep elf demonologist
  3551 | D        | Noticed a deep elf annihilator
  3555 | D        | Noticed a deep elf blademaster
  3561 | D        | Noticed a deep elf annihilator
  3571 | D        | Noticed an Ice Fiend
  3581 | D        | Killed a deep elf annihilator
  3683 | D        | Noticed an Executioner
  3857 | D        | Learned a level 1 spell: Magic Dart
  3932 | D        | Killed a deep elf demonologist
  4541 | D        | Killed a deep elf demonologist
  4644 | D        | Killed a deep elf annihilator
  4809 | D        | Killed a deep elf blademaster
  4809 | D        | Reached skill level 10 in Fighting
  4828 | D        | Found the amulet of Vitality {Regen+ HP+15}
  4828 | D        | Got an ancient golden amulet
  4955 | D        | Identified the amulet of Vulur Vemy {+Blink rPois Regen+ Dex+8 Stlth-} (You found it in the Dungeon)
  5020 | D        | Noticed Dowan
  5020 | D        | Noticed Duvessa
  5022 | D        | Killed Dowan
  5022 | D        | Reached skill level 23 in Stealth
  5033 | D        | Killed Duvessa
  5434 | D        | Learned a level 3 spell: Ozocubu's Armour
  5439 | D        | Learned a level 4 spell: Throw Icicle
  5786 | D        | Found Duxzui's Antique Weapon Emporium.
  5786 | D        | Found Wips's Weapon Shop.
  5786 | D        | Found Haysesaw's Distillery.
  5786 | D        | Found Killiug's Antique Armour Shoppe.
  5786 | D        | Found Meocoar's Jewellery Boutique.
  5786 | D        | Found Muox's Distillery.
  5786 | D        | Found Maopues's Magic Scroll Shoppe.
  5786 | D        | Found Alui's Food Shop.
  5786 | D        | Found Makaimei's Book Shop.
  5786 | D        | Found Qaakkun's Weapon Emporium.
  5786 | D        | Found Juanwaf's Gadget Emporium.
  5786 | D        | Found Wegh's Weapon Boutique.
  5824 | D        | Bought a potion of magic for 80 gold pieces
  5824 | D        | Bought a potion of curing for 30 gold pieces
  5824 | D        | Bought a potion of magic for 80 gold pieces
  5827 | D        | Bought a potion of curing for 42 gold pieces
  5827 | D        | Bought a potion of heal wounds for 70 gold pieces
  5827 | D        | Bought a potion of curing for 42 gold pieces
  5827 | D        | Bought a potion of curing for 42 gold pieces
  5827 | D        | Bought a potion of curing for 42 gold pieces
  5827 | D        | Bought a potion of curing for 42 gold pieces
  5937 | D        | Reached skill level 1 in Conjurations
  5939 | D        | Reached skill level 1 in Ice Magic
  6007 | D        | Noticed a fire dragon
  6011 | D        | Killed a fire dragon
  6024 | D        | Reached XP level 14. HP: 69/69 MP: 29/38
  6163 | D        | Learned a level 4 spell: Summon Ice Beast
  6796 | D        | Noticed Chuck
  6816 | D        | Reached skill level 1 in Summonings
  6913 | D        | Killed Chuck
  6939 | D        | Noticed Sojobo
  6945 | D        | Killed Sojobo
  6945 | D        | Reached skill level 24 in Stealth
  6992 | D        | Reached skill level 15 in Hexes
  7002 | D        | Noticed a lich
  7005 | D        | Killed a lich
  7005 | D        | Reached skill level 10 in Armour
  7023 | D        | Noticed a shadow dragon
  7029 | D        | Noticed a shadow dragon
  7240 | D        | Killed a shadow dragon
  7494 | D        | Killed a shadow dragon
  7690 | D        | Noticed an ancient lich
  7709 | D        | Slain by a skeletal warrior

Vault maps used:
D:        dungeon_sprint_mu

Skill      XL: |  1  2  3  4  5  6  7  8  9 10 11 12 13 14 |
---------------+-------------------------------------------+-----
Spellcasting   | 4 5 7 8 9 10 12 13 15 17 19 20 | 20.2
Stealth        | 6 7 9 11 12 13 15 17 19 21 23 24 | 24.8
Fighting       | 1 2 3 4 5 6 8 9 10 11 | 11.0
Short Blades   | 3 4 5 7 8 9 10 12 14 15 17 18 | 18.6
Armour         | 1 2 3 4 5 6 7 8 9 10 | 10.2
Dodging        | 5 6 8 10 11 12 14 15 17 19 21 23 | 23.1
Hexes          | 4 5 6 7 8 9 10 11 13 14 15 | 15.3
Conjurations   | 1 4 |  4.1
Ice Magic      | 1 4 |  4.4
Summonings     | 3 |  3.5

Action                   |  1- 3 |  4- 6 |  7- 9 | 10-12 | 13-15 || total
-------------------------+-------+-------+-------+-------+-------++-------
Melee: Dagger            |    12 |    12 |    23 |   107 |   497 ||   651
       Quick blade       |       |       |       |       |   557 ||   557
 Cast: Corona            |     4 |       |       |       |       ||     4
       Ensorcelled Hiber |     1 |     1 |     8 |    57 |    31 ||    98
       Confuse           |       |     1 |     4 |     7 |     7 ||    19
       Slow              |       |       |     2 |     9 |     4 ||    15
       Tukima's Dance    |       |       |     1 |       |     1 ||     2
       Dazzling Spray    |       |       |     1 |    26 |   109 ||   136
       Mephitic Cloud    |       |       |       |     1 |     1 ||     2
       Apportation       |       |       |       |       |    27 ||    27
       Magic Dart        |       |       |       |       |    16 ||    16
       Blink             |       |       |       |       |    15 ||    15
       Throw Icicle      |       |       |       |       |     9 ||     9
       Ozocubu's Armour  |       |       |       |       |     2 ||     2
Invok: Shadow Step       |       |       |     2 |    16 |    20 ||    38
  Use: Potion            |     1 |     5 |     1 |     2 |     6 ||    15
       Scroll            |       |       |       |     1 |     3 ||     4
 Stab: Sleeping          |     4 |     5 |    11 |    71 |    37 ||   128
       Confused          |       |     1 |     1 |     2 |     4 ||     8
       Invisible         |       |       |       |     7 |    23 ||    30
       Distracted        |       |       |       |       |     1 ||     1
  Eat: Ration            |       |       |       |       |     4 ||     4
Armor: Robe              |     1 |       |       |     1 |     9 ||    11
Dodge: Dodged            |     5 |       |    20 |    92 |   331 ||   448

Table legend:
 A = Spawn XP
 B = Non-spawn XP
 C = Spawn XP percentage of total XP
 D = Spawn monster count
 E = Non-spawn monster count
 F = Spawn count percentage of total count
 G = Total turns spent on level
                    A         B        C        D         E        F      G
               +---------+---------+-------+---------+---------+-------+---------
         Total |       0 |   91712 |   0.0 |       0 |     194 |   0.0 |  7709
               +---------+---------+-------+---------+---------+-------+---------
             D |       0 |   91712 |   0.0 |       0 |     194 |   0.0 |  7709
               +---------+---------+-------+---------+---------+-------+---------
